 Dungeon Crawl Stone Soup version 0.31-a0-174-g85c54bcb58 (webtiles) character file.

Game seed: 6051195144514546880

14 qw the Shooter (level 2, 0/17 HPs)
             Began as a Gargoyle Hunter on June 15, 2023.
             Slain by a kobold
             ... wielding a +0 whip
              (2 damage)
             ... on level 1 of the Dungeon.
             The game lasted 00:00:08 (157 turns).

qw the Shooter (Gargoyle Hunter)                     Turns: 157, Time: 00:00:08

Health: 0/17       AC:  5    Str: 14    XL:     2   Next: 41%
Magic:  2/2        EV: 11    Int:  9    God:
Gold:   17         SH:  0    Dex: 13    Spells: 1/1 levels left

rFire   . . .        a - +0 shortbow
rCold   . . .        (shield currently unavailable)
rNeg    + . .        c - +0 leather armour
rPois   inf          (no helmet)
rElec   +            (no cloak)
rCorr   .            (no gloves)
SInv    .            (no boots)
Will    .....        (no amulet)
Stlth   +            (no ring)
HPRegen 0.22/turn    (no ring)
MPRegen 0.08/turn

%: no passive effects
@: no status effects
A: sickness immunity, AC +2, negative energy resistance 1, electricity
resistance, torment resistance 1, petrification resistance
a: no special abilities


You were on level 1 of the Dungeon.
You visited 1 branch of the dungeon, and saw 1 of its levels.

You collected 17 gold pieces.


Innate Abilities, Weirdness & Mutations

You are immune to sickness and miasma.
Your stone body is resilient. (AC +2)
You are immune to poison.
You resist negative energy. (rN+)
You are resistant to electric shocks. (rElec)
You are resistant to unholy torment.
You are immune to petrification.


   Skills:
 - Level 2.1 Fighting
 + Level 4.6 Ranged Weapons
 - Level 1.5 Dodging
 - Level 1.1 Stealth


You had one spell level left.
You didn't know any spells.
Your spell library was empty.

Inventory:

Hand Weapons
 a - a +0 shortbow (weapon)
Armour
 c - a +0 leather armour (worn)
Scrolls
 b - a scroll of butterflies
 f - a scroll of vulnerability {unknown}
 g - a scroll of enchant weapon {unknown}
Potions
 d - a potion of lignification {unknown}
 e - a potion of curing {unknown}
 h - a potion of mutation {unknown}

Dungeon Overview and Level Annotations

Branches:
Dungeon (1/15)

Altars:


Message History

You kill the ball python!
The kobold hits you but does no damage.
You shoot an arrow. The arrow closely misses the kobold.
The kobold closely misses you.
You shoot an arrow.
The arrow hits the hobgoblin but does no damage.
The hobgoblin barely misses you. The kobold hits you with a +0 whip.
You shoot an arrow. The arrow barely misses the hobgoblin.
The arrow misses the frilled lizard.
The hobgoblin hits you but does no damage.
The kobold barely misses you. The kobold misses you.
The frilled lizard barely misses you.
The hobgoblin hits you but does no damage.
You shoot an arrow. The arrow hits the hobgoblin.
The hobgoblin is lightly wounded.
The hobgoblin hits you. The kobold hits you with a +0 whip.
The frilled lizard barely misses you.
You shoot an arrow. The arrow hits the hobgoblin.
The hobgoblin is severely wounded.
The hobgoblin barely misses you. The kobold closely misses you.
The frilled lizard completely misses you.
You shoot an arrow. The arrow hits the hobgoblin.
You kill the hobgoblin!
The kobold hits you with a +0 whip. The frilled lizard barely misses you.
You shoot an arrow. The arrow misses the kobold.
The kobold hits you but does no damage. The frilled lizard bites you.
The kobold closely misses you.
The frilled lizard bites you but does no damage.
You shoot an arrow. The arrow hits the kobold.
The kobold is moderately wounded.
The kobold barely misses you.
The frilled lizard bites you but does no damage.
You shoot an arrow. The arrow barely misses the kobold.
The kobold closely misses you. The frilled lizard barely misses you.
You shoot an arrow. The arrow closely misses the kobold.
The kobold hits you but does no damage.
The frilled lizard bites you but does no damage.
You shoot an arrow. The arrow closely misses the kobold.
The kobold hits you with a +0 whip.
You die...

.####.........[#..##
# #####%...#.#...#
###....#...#.#
#......#^....# .
##(.....#.....+ ..
#.......#.....##...
#.....##...........
#.....##....l......
#.....##...@%....#
############K..>.#
....... .....)?
.%..... .......
...#... ##...$.


You could see a kobold and a frilled lizard.

Vanquished Creatures
  A bat (D:1)
  An endoplasm (D:1)
  2 goblins (D:1)
  2 hobgoblins (D:1)
  A quokka (D:1)
  4 ball pythons (D:1)
  A rat (D:1)
12 creatures vanquished.

Notes
Turn   | Place    | Note
-------+----------+-------------------------------------------
     0 | D:1      | qw the Gargoyle Hunter began the quest for the Orb.
     0 | D:1      | Reached XP level 1. HP: 12/12 MP: 1/1
     0 | D:1      | 0 ||| qw: Version: 0.2-a-29-g511e9b1
     0 | D:1      | 0 ||| qw: Game counter: 5289
     0 | D:1      | 0 ||| qw: Always use a shield: true
     0 | D:1      | 0 ||| qw: God list: Okawaru
     0 | D:1      | 0 ||| qw: Allow faded altars: false
     0 | D:1      | 0 ||| qw: Do Orc after D:15 true
     0 | D:1      | 0 ||| qw: Do second Lair branch before Depths: true
     0 | D:1      | 0 ||| qw: Lair rune preference: random
     0 | D:1      | 0 ||| qw: Plans: Normal, Zot:1-4, Slime:5, God:TSO, Crypt,
                  | Tomb, Abyss, Pan, Hells, Win
     0 | D:1      | 0 ||| PLANNING D:1-11
   116 | D:1      | Reached XP level 2. HP: 17/17 MP: 2/2
   152 | D:1      | HP: 2/17 [kobold/+0 whip (5)]
   157 | D:1      | Slain by a kobold

Levels and vault maps discovered:
D:1:      tarquinn_simple_flora_water_f, layout_basic

Action                     || total
---------------------------++-------
   Fire: Shortbow          ||    40
 Armour: Leather armour    ||    11
  Dodge: Dodged            ||    27

Table legend:
 A = Non-vault XP
 B = Vault XP
 C = Vault XP percentage of total XP
 D = Non-vault monster count
 E = Vault monster count
 F = Vault count percentage of total count
                 A         B        C        D         E       F
            +---------+---------+-------+---------+---------+-------
      Total |      20 |       0 |   0.0 |      12 |       0 |   0.0
            +---------+---------+-------+---------+---------+-------
        D:1 |      20 |       0 |   0.0 |      12 |       0 |   0.0
            +---------+---------+-------+---------+---------+-------
